Map: Cerulean Fall LE

Players

Mage - Winner!

  • Race: Protoss Protoss
  • Spawn Location: 1:00

Wilo

  • Race: Zerg Zerg
  • Spawn Location: 7:00

Event: WCS Montreal 2018

VOD

Have the link to the VOD?

Description

Time

  • Played on: Sept. 7, 2018, 12:57 p.m.
  • Length: 6:40

All games in this series

Show
View Real Time Build Order
Export as new Build Order

Mage Protoss - Winner!

Build Orders: 1 Gate Expand 

Get SALT Encoding   

  12  0:00  Probe  
  13  0:12  Probe  
  14  0:19  Pylon  
  14  0:24  Probe  
  15  0:33  Probe  
  15  0:38  Gateway  
  15  0:41  Probe  
  16  0:47  Assimilator  
  17  0:53  Probe  
  18  1:05  Probe  
  19  1:17  Probe  
  20  1:27  Nexus  
  20  1:35  Cybernetics Core  
  20  1:38  Probe  
  21  1:45  Assimilator  
  21  1:50  Probe  
  21  1:54  Pylon  
  22  2:02  Probe  
  22  2:04  Adept  
  23  2:15  Probe  
  26  2:17  Warp Gate  
  26  2:25  Robotics Facility  
  26  2:29  Probe  
  27  2:34  Stalker  
  29  2:39  Probe  
  29  2:43  Probe  
  31  2:51  Probe  
  32  2:55  Probe, Sentry  
  33  2:58  Gateway  
  33  3:03  Probe  
  36  3:12  Immortal  
  36  3:17  Probe  
  36  3:19  Probe  
  42  3:27  Pylon  
  42  3:29  Probe  
  42  3:33  Probe  
  44  3:38  Gateway  
  44  3:42  Probe  
  44  3:44  Immortal  
  45  3:50  Probe  
  50  3:57  Gateway  
  50  4:00  Gateway  
  50  4:06  Shield Battery  
  48  4:12  Shield Battery  
  48  4:16  Shield Battery  
  48  4:22  Adept x2  
  48  4:28  Pylon  
  44  4:34  Gateway  
  44  4:36  Gateway  
  44  4:39  Warp Prism  
  44  4:41  Adept  
  44  4:45  Gateway  
  47  4:56  Sentry x3  
  53  5:03  Zealot x2  
  57  5:09  Pylon  
  57  5:16  Pylon  
  57  5:19  Zealot x2  
  61  5:26  Pylon  
  61  5:35  Adept x5  
  67  5:57  Adept  
  67  5:58  Adept x2  
  67  5:59  Zealot x4  
  65  6:20  Zealot x3  
  65  6:21  Zealot x2  
  65  6:22  Zealot x2  
Show
View Real Time Build Order
Export as new Build Order

Wilo Zerg 

Build Orders: Hatch First, Zergling Baneling 

Get SALT Encoding   

  12  0:01  Drone  
  13  0:12  Overlord  
  13  0:17  Drone  
  14  0:31  Drone x2  
  16  0:50  Hatchery  
  16  0:53  Drone  
  16  0:56  Drone  
  17  1:00  Drone  
  18  1:07  Extractor  
  17  1:16  Spawning Pool  
  16  1:19  Drone  
  16  1:22  Drone  
  18  1:29  Drone  
  19  1:39  Drone  
  20  1:50  Overlord  
  20  2:01  Drone  
  20  2:02  Drone  
  20  2:03  Queen  
  20  2:04  Queen  
  26  2:10  Metabolic Boost  
  26  2:14  Zergling x2  
  27  2:19  Zergling x2  
  27  2:22  Drone  
  29  2:24  Drone  
  30  2:48  Hatchery, Zergling x2  
  30  2:49  Zergling x2, Baneling Nest  
  30  2:57  Overlord  
  30  2:58  Zergling x2  
  31  3:06  Zergling x6  
  34  3:16  Zergling x8  
  38  3:29  Spore Crawler  
  38  3:30  Spore Crawler  
  36  3:39  Baneling x4  
  36  3:40  Baneling x2  
  36  3:42  Zergling x6  
  36  3:47  Overlord  
  39  3:53  Drone  
  39  3:54  Drone  
  37  4:10  Baneling x3  
  37  4:12  Drone x4  
  37  4:15  Drone  
  37  4:16  Drone  
  42  4:22  Drone x2  
  42  4:27  Drone x2  
  36  4:38  Drone x3  
  36  4:39  Drone x2  
  36  4:43  Zergling x2  
  36  4:45  Zergling x4  
  44  4:51  Zergling x6  
  47  4:58  Zergling x2  
  47  4:59  Roach Warren  
  47  5:04  Extractor, Zergling x4  
  48  5:09  Overlord  
  48  5:13  Queen  
  50  5:15  Zergling x2  
  50  5:16  Zergling x2  
  50  5:21  Drone x4  
  55  5:25  Zergling x2  
  55  5:27  Baneling  
  55  5:28  Baneling x5  
  57  5:29  Baneling  
  57  5:30  Baneling  
  57  5:31  Baneling  
  57  5:33  Zergling x2  
  58  5:40  Zergling x6  
  58  5:41  Zergling x4  
  56  6:00  Zergling x2  
  56  6:01  Zergling x12  
  56  6:13  Zergling x6  
  47  6:22  Baneling x3  
  47  6:23  Baneling x3  
Tags
 
Add a new tag
Caveats
  • Supply blocks, unpowered buildings, or Contaminate may cause inaccurate times.
  • Supply counts are checked every 10 seconds.